 Dungeon Crawl Stone Soup version 0.19.5 (webtiles) character file.

95 AAAAA the Magician (level 4, 0/27 HPs)
             Began as a High Elf Enchanter on Apr 4, 2017.
             Slain by Sigmund
             ... wielding a +0 scythe
              (11 damage)
             ... on level 2 of the Dungeon.
             The game lasted 00:05:22 (3422 turns).

AAAAA the Magician (High Elf Enchanter)             Turns: 3422, Time: 00:05:23

Health: 0/27       AC:  4    Str:  7    XL:     4   Next: 39%
Magic:  7/12       EV: 13    Int: 19    God:
Gold:   91         SH:  0    Dex: 16    Spells: 2 memorised, 9 levels left

rFire  . . .     SeeInvis .     a - +1 dagger
rCold  . . .     Gourm    .     b - +1 robe
rNeg   . . .     Faith    .     (no shield)
rPois  .         Spirit   .     (no helmet)
rElec  .         Reflect  .     r - +0 cloak
rCorr  .         Harm     .     (no gloves)
MR     .....                    (no boots)
Stlth  ++........               (no amulet)
                                (no ring)
                                (no ring)

@: no status effects
A: no striking features
a: no special abilities


You were on level 2 of the Dungeon.
You were hungry.

You visited 1 branch of the dungeon, and saw 2 of its levels.

You collected 91 gold pieces.

Inventory:

Hand Weapons
 a - a +1 dagger (weapon)
Armour
 b - a +1 robe (worn)
 r - a +0 cloak (worn)
Scrolls
 e - a scroll of enchant weapon {unknown}
 i - a scroll of fear {unknown}
 j - a scroll of blinking {unknown}
 k - 2 scrolls of identify {unknown}
 l - a scroll of noise {unknown}
 n - a scroll of remove curse {unknown}
Potions
 h - a potion of invisibility
 p - a potion of heal wounds {unknown}
 q - a potion of berserk rage {unknown}
Books
 c - a book of Maledictions

   Spells                             Type                      Level
   a - Corona                         Hexes                        1
   b - Ensorcelled Hibernation        Hexes/Ice                    2
   c - Confuse                        Hexes                        3
   d - Tukima's Dance                 Hexes                        3
   e - Dazzling Spray                 Conjuration/Hexes            3
Comestibles
 d - 3 bread rations
 f - 2 meat rations
 g - 4 fruits
 m - 2 slices of pizza
 o - 7 chunks of flesh


   Skills:
 - Level 1.2 Short Blades
 - Level 2.1 Dodging
 - Level 3.3 Stealth
 + Level 5.2 Spellcasting
 - Level 3.0 Hexes


You had 9 spell levels left.
You knew the following spells:

 Your Spells              Type           Power        Failure   Level  Hunger
a - Confuse               Hex            ###.....     12%         3    ##.....
b - Corona                Hex            ###....      4%          1    None


Dungeon Overview and Level Annotations

Branches:
Dungeon (2/15)

Altars:

Annotations:
D:2 Sigmund


Message History

Sigmund is moderately wounded.
You hit Sigmund but do no damage.
Sigmund is moderately wounded.
You hit Sigmund.
Sigmund is heavily wounded.
You hit Sigmund but do no damage.
Sigmund is heavily wounded.
Sigmund misses you.
You hit Sigmund.
Sigmund is heavily wounded.
You hit Sigmund but do no damage.
Sigmund is heavily wounded.
Sigmund hits you with a scythe!
You hit Sigmund.
Sigmund is heavily wounded.
Sigmund seems less confused.
You hit Sigmund but do no damage.
Sigmund is heavily wounded.
Sigmund hits you with a scythe!
You die...

........#.#
........#.##############
........#..............#
#.......#.######.#####.##
#................# #..#
###.>#.########## ##รท#
##.#.# #.#
###.#@###############.#
#...#)@.#.#.#...#.#.#.#
#...###...#...#...#...#
#...'...#)..#.#.#...#.#
#...###.#...#.#.#...#.#
#...# #...#...#...#...#
#...# ###.#.#...#.#.###
#.#.#################
#.#.....#..######
#.#####.#.......#


You could see Sigmund.

Vanquished Creatures
  Jessica (D:2)
  2 adders (D:2)
  2 dart slugs (D:1)
  2 bats (D:1)
  3 giant cockroaches (D:1)
  8 goblins
  7 hobgoblins
  4 jackals
  A quokka (D:2)
  A frilled lizard (D:2)
  12 kobolds
  5 rats
48 creatures vanquished.

Notes
Turn   | Place    | Note
-------+----------+-------------------------------------------
     0 | D:1      | AAAAA the High Elf Enchanter began the quest for the Orb.
     0 | D:1      | Reached XP level 1. HP: 11/11 MP: 4/4
   319 | D:1      | Reached skill level 3 in Spellcasting
   717 | D:1      | Reached XP level 2. HP: 8/17 MP: 2/7
  1749 | D:1      | Reached XP level 3. HP: 14/21 MP: 6/9
  1788 | D:1      | Reached skill level 4 in Spellcasting
  2806 | D:2      | Learned a level 3 spell: Confuse
  2979 | D:2      | Noticed Jessica
  2985 | D:2      | Killed Jessica
  2985 | D:2      | Reached XP level 4. HP: 23/27 MP: 7/11
  3058 | D:2      | Reached skill level 5 in Spellcasting
  3375 | D:2      | Noticed Sigmund
  3422 | D:2      | Slain by Sigmund

Skill      XL: |  1  2  3  4 |
---------------+-------------+-----
Spellcasting   | 3 4 5 |  5.2
Short Blades   | |  1.2
Dodging        | |  2.1
Stealth        | |  3.3
Hexes          | |  3.0

Action                   |  1- 3 |  4- 6 || total
-------------------------+-------+-------++-------
Melee: Dagger            |   158 |    75 ||   233
 Cast: Corona            |    32 |       ||    32
       Confuse           |     2 |     8 ||    10
  Use: Potion            |     1 |       ||     1
 Stab: Sleeping          |     3 |     2 ||     5
       Confused          |     1 |     2 ||     3
       Invisible         |     1 |       ||     1
  Eat: Chunk             |     7 |     1 ||     8
Armor: Robe              |    17 |     7 ||    24
Dodge: Dodged            |    90 |    45 ||   135
